AoeStats
← Erickinio

Arena

508167316Analyzed
3v3 RM · 11d ago on Sep 21, 2026· 93m 51s· 6 players
Game mode
Random Map
Map size
Normal (6 player)
Population
200
Speed
Normal
Resources
Standard
Victory
Conquest
Starting age
Dark Age
Ending age
Imperial Age
RankedLock teamsTeams togetherTeam positionsShared explorationLock speedFull tech treeHidden civsTurbo modeCheats
Victory
Defeat
🇵🇪 Japanese · Peru
957
+9
🇨🇳 Britons · China
955
+9
🇲🇽 Maya · Mexico
747
+18
820
-13
🇨🇴 Franks · Colombia
798
-12
🇦🇷 Celts · Argentina
773
-11
☯︎ PΔTΔS DΞ STΞΞL ☯
1:59 Loom
luhigy23
0:27 Loom
13:04 Feudal Age
13:12 Feudal Age
15:22 Wheelbarrow
17:55 Castle Age
16:21 Double-Bit Axe
19:50 Hand Cart
28:27 Gold Mining
28:27 Stone Mining
30:30 Gold Shaft Mining
29:48 Town Watch
33:36 Imperial Age
32:40 Husbandry
32:49 Scale Barding Armor
32:45 Scale Mail Armor
32:56 Forging
34:29 Chivalry
34:50 Conscription
35:10 Chain Barding Armor
35:05 Chain Mail Armor
35:26 Iron Casting
35:19 Cavalier
37:19 Plate Barding Armor
37:34 Plate Mail Armor
38:05 Blast Furnace
36:29 Paladin
38:03 Town Patrol
46:38 Chemistry
45:58 Ballistics
Erickinio
11:08 Feudal Age
9:57 Loom
11:14 Man-at-Arms
12:51 Arson
14:41 Double-Bit Axe
15:31 Forging
19:30 Scale Mail Armor
26:53 Gold Mining
27:53 Fletching
28:04 Padded Archer Armor
30:46 Wheelbarrow
33:56 Castle Age
34:57 Chain Mail Armor
35:34 Hand Cart
34:49 Long Swordsman
35:14 Gambesons
36:20 Bow Saw
38:41 Treadmill Crane
40:25 Horse Collar
42:13 Town Watch
43:06 Iron Casting
43:06 Town Patrol
42:30 Pikeman
43:03 Stone Mining
43:19 Heavy Plow
43:27 Murder Holes
44:36 Masonry
44:38 Fortified Wall
47:47 Imperial Age
46:47 Gold Shaft Mining
46:36 Ballistics
47:01 Bodkin Arrow
47:21 Leather Archer Armor
47:14 Bodkin Arrow
49:33 Chemistry
48:58 Conscription
48:29 Stronghold
48:00 Two-Handed Swordsman
49:14 Plate Mail Armor
48:53 Siege Engineers
49:13 Heavy Scorpion
50:56 Blast Furnace
50:45 Champion
61:43 Halberdier
Azteca Beleren
0:29 Loom
11:16 Feudal Age
13:18 Wheelbarrow
12:32 Double-Bit Axe
12:29 Horse Collar
26:54 Fletching
27:05 Padded Archer Armor
30:04 Castle Age
36:05 Hand Cart
44:12 Pikeman
46:22 Arson
46:41 Squires
47:38 Forging
47:29 Scale Mail Armor
50:07 Iron Casting
49:48 Chain Mail Armor
54:28 Imperial Age
52:45 Bodkin Arrow
57:13 Gold Mining
57:17 Stone Mining
57:43 Bow Saw
59:21 Caravan
62:22 Fortified Wall
63:22 Stone Shaft Mining
63:50 Two-Man Saw
62:57 Heavy Plow
65:31 Ballistics
66:18 Chemistry
64:47 Elite Plumed Archer
67:42 Conscription
67:34 Bracer
67:49 Leather Archer Armor
68:48 Blast Furnace
68:19 Plate Mail Armor
68:58 Crop Rotation
70:09 Heavy Scorpion
73:04 Treadmill Crane
73:56 Ring Archer Armor
79:18 Coinage
79:01 Guilds
92:43 Spies/Treason
Cuto
9:32 Feudal Age
10:15 Double-Bit Axe
10:32 Gold Mining
15:57 Castle Age
17:46 Wheelbarrow
17:01 Loom
18:15 Horse Collar
18:50 Bow Saw
20:08 Heavy Plow
22:26 Stone Mining
25:50 Town Watch
27:31 Forging
27:21 Scale Mail Armor
28:13 Squires
28:01 Gambesons
28:08 Arson
31:16 Iron Casting
31:15 Chain Mail Armor
33:02 Gold Shaft Mining
33:47 Hand Cart
33:40 Town Patrol
35:32 Fletching
36:05 Ballistics
35:41 Murder Holes
35:57 Fortified Wall
35:57 Masonry
35:28 Treadmill Crane
39:18 Imperial Age
38:09 Bodkin Arrow
38:15 Padded Archer Armor
38:25 Caravan
38:55 Coinage
40:23 Siege Engineers
41:19 Chemistry
41:22 Blast Furnace
40:53 Plate Mail Armor
40:24 Bracer
41:46 Two-Man Saw
42:17 Elite Samurai
43:35 Hoardings
45:10 Conscription
45:13 Kataparuto
44:58 Yasama
62:25 Leather Archer Armor
62:15 Scale Barding Armor
66:22 Banking
72:36 Chain Barding Armor
72:47 Ring Archer Armor
太原老登
10:31 Feudal Age
12:13 Double-Bit Axe
15:13 Castle Age
16:32 Loom
17:50 Fervor
20:44 Stone Mining
27:24 Bow Saw
27:50 Pikeman
29:43 Yeomen
29:44 Gold Mining
31:04 Horse Collar
34:35 Imperial Age
33:18 Squires
33:57 Fletching
34:08 Padded Archer Armor
35:01 Wheelbarrow
34:57 Town Watch
34:38 Halberdier
35:39 Conscription
35:36 Guilds
36:58 Hand Cart
36:44 Town Patrol
37:01 Elite Longbowman
38:08 Ballistics
38:28 Bodkin Arrow
38:48 Leather Archer Armor
39:46 Hoardings
39:33 Murder Holes
41:17 Fortified Wall
44:03 Forging
50:07 Two-Man Saw
50:53 Caravan
51:30 Bracer
52:20 Ring Archer Armor
53:24 Iron Casting
52:50 Scale Mail Armor
62:29 Chain Mail Armor
65:24 Blast Furnace
67:12 Plate Mail Armor
67:36 Gambesons
67:14 Man-at-Arms
68:14 Long Swordsman
69:00 Two-Handed Swordsman
69:40 Champion
71:41 Husbandry
77:56 Arson
92:17 Spies/Treason
Connection lost

Rejoining the realm…

Still unreachable

The connection could not be restored.

Session expired

The server has moved on; the page needs a fresh start.